 Dungeon Crawl Stone Soup version 0.26-b1-32-g5d43845318 (webtiles) character file.

Game seed: 6050856724961487701

1411 funkygono the Firebug (level 8, -4/53 HPs)
             Began as a Demonspawn Fire Elementalist on Jan 10, 2021.
             Slain by a yak (17 damage)
             ... on level 5 of the Dungeon.
             The game lasted 00:12:51 (5377 turns).

funkygono the Firebug (DsFE)                        Turns: 5377, Time: 00:12:52

Health: -4/53      AC:  4    Str:  9    XL:     8   Next: 43%
Magic:  6/14       EV: 13    Int: 19    God:
Gold:   207        SH:  0    Dex: 13    Spells: 9/15 levels left

rFire    . . .     SeeInvis .   d - +2 mace
rCold    + . .     Faith    .   (no shield)
rNeg     . . .     Spirit   .   a - +0 robe
rPois    .         Reflect  .   (helmet restricted)
rElec    .         Harm     .   n - +1 cloak
rCorr    .         Rampage  .   (no gloves)
Will     .....                  (no boots)
Stlth    ++........             o - amulet of regeneration
HPRegen  0.57/turn              (no ring)
MPRegen  0.14/turn              (no ring)

@: no status effects
A: horns 1, cold resistance 1, spiny 1, freezing cloud immunity
a: no special abilities


You were on level 5 of the Dungeon.
You visited 1 branch of the dungeon, and saw 5 of its levels.

You collected 207 gold pieces.

Inventory:

Hand Weapons
 d - a +2 mace (weapon)
Missiles
 h - 84 stones
Armour
 a - a +0 robe (worn)
 n - a +1 cloak (worn)
Jewellery
 o - an amulet of regeneration (around neck)
Wands
 c - a wand of enslavement (10)
 k - a wand of digging (5)
Scrolls
 e - 2 scrolls of teleportation
 l - 2 scrolls of remove curse
 r - 3 scrolls of amnesia
Potions
 b - a potion of invisibility
 f - 3 potions of curing
 g - 2 potions of brilliance
 j - 2 potions of heal wounds
 m - 2 potions of attraction


   Skills:
 + Level 0.7 Fighting
 + Level 2.0 Maces & Flails
 + Level 2.7 Dodging
 + Level 3.6 Stealth
 + Level 4.4 Spellcasting
 * Level 5.5 Conjurations
 * Level 6.0 Fire Magic


You had 9 spell levels left.
You knew the following spells:

 Your Spells              Type           Power        Failure   Level
a - Foxfire               Conj/Fire      100%         1%          1
b - Fireball              Conj/Fire      13%          34%         5

Your spell library contained the following spells:

 Spells                   Type           Power        Failure   Level
 Conjure Flame            Conj/Fire      26%          3%          3
 Inner Flame              Hex/Fire       15%          12%         3
 Sticky Flame             Conj/Fire      26%          12%         4


Dungeon Overview and Level Annotations

Branches:
Dungeon (5/15)
 Temple: D:4-7

Altars:

Shops:
D:4 ?

Annotations:
D:4 2 runed translucent doors, MTVSty1e's ghost, novice GrFi


Innate Abilities, Weirdness & Mutations

You have a pair of small horns on your head.
Your flesh is cold resistant. (rC+)
You are partially covered in sharp spines.
You are immune to freezing clouds.


Message History

The foxfire hits the yak but does no damage.
The yak is severely wounded.
There is a stone staircase leading up here.
You can't go up here!
You hit the yak but do no damage.
The yak is severely wounded.
The yak completely misses you.
The yak bellows!
You hit the yak.
The yak is almost dead.
The yak gores you. The yak gores you!
You hit the yak.
The yak is almost dead.
The yak gores you! x2
* * * LOW HITPOINT WARNING * * *
The yak closely misses you.
You hit the yak but do no damage.
The yak is almost dead.
The yak gores you!
You die...

#########
#........
+........
#........
###@Y......
#.#YY......
#..........
########.#Y######.
...............##
########.#.###).#
(.......#.####.#.#
.......Y#...YY...#
........#######.##


You could see 4 yaks.

Vanquished Creatures
  Grinder (D:3)
  Sigmund (D:3)
  A yak (D:4)
  Menkaure (D:4)
  2 ogres (D:4)
  A scorpion (D:5)
  A howler monkey (D:3)
  4 hounds
  2 orc priests
  Ijyb (D:3)
  3 orc wizards (D:4)
  4 gnolls (D:3)
  12 adders
  An ooze (D:3)
  3 worms
  6 dart slugs
  4 leopard geckos
  8 orcs
  10 bats
  2 giant cockroaches
  8 goblins
  3 hobgoblins
  4 jackals (D:3)
  3 quokkas
  4 frilled lizards
  5 kobolds
  9 rats
104 creatures vanquished.

Vanquished Creatures (collateral kills)
  A foxfire (D:4)
1 creature vanquished.

Vanquished Creatures (others)
  397 foxfires
397 creatures vanquished.

Grand Total: 502 creatures vanquished

Notes
Turn   | Place    | Note
-------+----------+-------------------------------------------
     0 | D:1      | funkygono the Demonspawn Fire Elementalist began the quest
                  | for the Orb.
     0 | D:1      | Reached XP level 1. HP: 13/13 MP: 3/3
    84 | D:1      | Reached skill level 3 in Fire Magic
   121 | D:1      | Gained mutation: Your flesh is cold resistant. (rC+)
                  | [demonic ancestry]
   121 | D:1      | Reached XP level 2. HP: 19/19 MP: 0/5
  1263 | D:2      | Gained mutation: You have a pair of small horns on your
                  | head. [demonic ancestry]
  1263 | D:2      | Reached XP level 3. HP: 24/24 MP: 1/6
  1741 | D:2      | Gained mutation: You are partially covered in sharp spines.
                  | [demonic ancestry]
  1741 | D:2      | Reached XP level 4. HP: 30/30 MP: 3/7
  2513 | D:3      | Noticed Ijyb
  2542 | D:3      | Killed Ijyb
  2657 | D:3      | Reached XP level 5. HP: 31/35 MP: 3/9
  2733 | D:3      | Noticed Sigmund
  2737 | D:3      | Reached skill level 4 in Fire Magic
  2973 | D:3      | Gained mutation: You are immune to freezing clouds.
                  | [demonic ancestry]
  2973 | D:3      | Reached XP level 6. HP: 34/41 MP: 1/10
  2979 | D:3      | Learned a level 5 spell: Fireball
  3029 | D:3      | Killed Sigmund
  3118 | D:3      | Noticed Grinder
  3129 | D:3      | Paralysed by Grinder for 7 turns
  3141 | D:3      | Killed Grinder
  3142 | D:3      | Reached skill level 1 in Maces & Flails
  3142 | D:3      | Reached skill level 5 in Fire Magic
  3142 | D:3      | Reached XP level 7. HP: 46/47 MP: 1/12
  4369 | D:4      | Noticed Menkaure
  4400 | D:4      | Killed Menkaure
  4401 | D:4      | Reached skill level 5 in Conjurations
  4401 | D:4      | Reached XP level 8. HP: 29/53 MP: 11/14
  4908 | D:4      | Found Xeufoloxt's Magic Scroll Shoppe.
  4953 | D:4      | Found a runed translucent door.
  4954 | D:4      | Noticed MTVSty1e's ghost (novice GrFi)
  5054 | D:4      | Found a runed translucent door.
  5103 | D:5      | Entered Level 5 of the Dungeon
  5126 | D:4      | Reached skill level 6 in Fire Magic
  5377 | D:5      | Slain by a yak

Illustrated notes

Levels and vault maps discovered:
D:1:      amcnicky_arrival_feature_with_door, layout_loops_cross,
          grunt_decor_junction, roderic_lattice_a, amcnicky_mini_pool_small,
          st_stairs_13
D:2:      layout_basic, kennysheep_nub
D:3:      layout_basic, uniq_ijyb, uniq_grinder, uniq_sigmund
D:4:      layout_loops_cross, serial_shops, kennysheep_mini_moat,
          ebering_ghost_sewer_f, minmay_puff, uniq_menkaure
D:5:      layout_basic

Skill      XL: |  1  2  3  4  5  6  7  8 |
---------------+-------------------------+-----
Fire Magic     | 3 4 5 6 |  6.0
Stealth        | 2 3 |  3.6
Conjurations   | 2 3 4 5 |  5.5
Dodging        | 2 |  2.7
Spellcasting   | 3 4 |  4.4
Maces & Flails | 1 2 |  2.0
Fighting       | |  0.7

Action                   |  1- 3 |  4- 6 |  7- 9 || total
-------------------------+-------+-------+-------++-------
Melee: Mace              |     1 |    14 |    18 ||    33
       Headbutt          |       |     1 |     1 ||     2
 Cast: Foxfire           |    66 |    83 |    93 ||   242
       Fireball          |       |       |     1 ||     1
  Use: Scroll            |     3 |     2 |     9 ||    14
 Stab: Sleeping          |       |       |     1 ||     1
Armor: Robe              |       |     3 |     6 ||     9
Dodge: Dodged            |    13 |    26 |    28 ||    67
